 Dungeon Crawl Stone Soup version 0.29.1-1-gd02db6906a (webtiles) character file.

Game seed: 13424383544367526250

1019 LustLizard the Slasher (level 8, -8/62 HPs)
             Began as a Demonspawn Fighter on Oct 4, 2022.
             Mangled by an ogre
             ... wielding a +0 giant club
              (17 damage)
             ... on level 4 of the Dungeon.
             The game lasted 00:08:35 (4134 turns).

LustLizard the Slasher (Demonspawn Fighter)         Turns: 4134, Time: 00:08:35

Health: -8/62      AC: 17    Str: 16    XL:     8   Next: 2%
Magic:  8/8        EV:  6    Int: 10    God:
Gold:   174        SH:  9    Dex: 15    Spells: 7/7 levels left

rFire   . . .      SeeInvis .   a - +0 long sword
rCold   + . .      Faith    .   c - +0 buckler
rNeg    . . .      Spirit   .   u - +0 chain mail
rPois   .          Reflect  .   (no helmet)
rElec   .          Harm     .   (no cloak)
rCorr   .          Rampage  .   (no gloves)
Will    .....                   k - +0 pair of boots
Stlth   ..........              (no amulet)
HPRegen 0.20/turn               t - ring of protection from cold
MPRegen 0.11/turn               (no ring)

@: no status effects
A: slimy green scales 2, icemail 1, spiny 2, condensation shield
a: no special abilities


You were on level 4 of the Dungeon.
You visited 1 branch of the dungeon, and saw 4 of its levels.
You also visited: Sewer.

You collected 174 gold pieces.

Inventory:

Hand Weapons
 a - a +0 long sword (weapon)
Missiles
 n - 2 javelins
 v - 8 poisoned darts (quivered)
 B - 2 throwing nets
Armour
 b - a +0 scale mail
 c - a +0 buckler (worn)
 k - a +0 pair of boots (worn)
 u - a +0 chain mail (worn)
Jewellery
 t - a ring of protection from cold (left hand)
 C - a ring of fire
Wands
 l - a wand of acid (14)
 s - a wand of polymorph (9)
 A - a wand of paralysis (1)
Scrolls
 e - a scroll of poison {unknown}
 g - 4 scrolls of fog {unknown}
 j - 3 scrolls of blinking {unknown}
 m - a scroll of vulnerability {unknown}
 w - 3 scrolls of enchant armour {unknown}
 y - a scroll of teleportation {unknown}
 z - a scroll of fear {unknown}
 D - a scroll of immolation {unknown}
 E - 3 scrolls of identify
Potions
 d - a potion of might
 f - 2 potions of haste
 h - a potion of degeneration
 i - 2 potions of magic
 o - a potion of curing {unknown}
 p - 2 potions of brilliance
 q - a potion of invisibility
 r - 2 potions of mutation {unknown}
 x - 3 potions of heal wounds


   Skills:
 + Level 5.3 Fighting
 * Level 6.0 Long Blades
 - Level 3.5 Armour
 + Level 4.8 Shields


You had 7 spell levels left.
You didn't know any spells.
Your spell library contained the following spells:

 Spells                   Type           Power      Damage    Failure   Level
 Gell's Gravitas          Tloc           0%         N/A       100%        3
 Lesser Beckoning         Tloc           0%         N/A       100%        3
 Teleport Other           Tloc           0%         N/A       100%        3
 Dispersal                Tloc           0%         N/A       100%        6


Dungeon Overview and Level Annotations

Branches:
Dungeon (4/15)              Sewer (visited)
 Temple: D:4-7

Altars:
Dithmenos
Fedhas
Makhleb


Innate Abilities, Weirdness & Mutations

You are mostly covered in slimy green scales. (AC +3)
A meltable icy envelope protects you from harm. (AC +4)
You are mostly covered in sharp spines.
A meltable shield of frost defends you. (SH +4)


Message History

a +0 chain mail; a +0 club
There is an open door here.
A ball python comes into view.
An ogre comes into view. It is wielding a +0 giant club.
The ogre shouts!
You hit the ball python.
The ball python is moderately wounded.
The ball python is struck by your spines.
You kill the ball python!
You hit the ogre.
The ogre is lightly wounded.
The ogre hits you with a +0 giant club!!
You slash the ogre!
The ogre is moderately wounded.
The ogre is struck by your spines. The ogre hits you with a +0 giant club!
You are too injured to fight recklessly!
You barely miss the ogre.
The ogre is heavily wounded.
You hit the ogre but do no damage.
The ogre is heavily wounded.
You block the ogre's attack.
You barely miss the ogre.
The ogre is heavily wounded.
You block the ogre's attack.
You barely miss the ogre.
The ogre is heavily wounded.
You block the ogre's attack.
You hit the ogre.
The ogre is severely wounded.
You hit the ogre but do no damage.
The ogre is severely wounded.
The ogre is struck by your spines. The ogre barely misses you.
You hit the ogre but do no damage.
The ogre is severely wounded.
The ogre hits you with a +0 giant club!!
* * * LOW HITPOINT WARNING * * *
You hit the ogre.
The ogre is almost dead.
The ogre hits you with a +0 giant club!
You die...

######...# #≈≈≈. # #...#
##≈≈...... ######...#
#≈≈... ..
....##...####≈..###.#
###........#≈≈..#...#
##..#...###≈...#...#
##..##.....#≈...#...
....##...#.'....#O###..≈
....########≈...@.....≈≈
....########≈≈.......≈≈#
.....[.....##≈≈....≈≈≈##
....##########≈≈≈≈≈≈###
....# ######## #####


You could see an ogre.

Vanquished Creatures
  Pikel (D:4)
  Pargi (Sewer)
  A black bear (D:4)
  4 lemures (D:4)
  A scorpion (D:2)
  An orc priest (D:4)
  A hound (D:4)
  Jessica (D:2)
  3 orc wizards
  3 adders
  2 hound simulacra (D:3)
  2 worms
  The ghost of Wentworth the Covert, a weakling GnDe (D:3)
  3 dart slugs
  2 adder simulacra (D:3)
  11 orcs
  7 ball pythons
  12 endoplasms
  6 giant cockroaches
  8 goblins
  A hobgoblin (D:1)
  3 jackals (D:2)
  3 quokkas
  A ball python simulacrum (D:3)
  5 bats
  7 frilled lizards
  9 kobolds
  A quokka simulacrum (D:3)
  3 rats (D:3)
104 creatures vanquished.

Notes
Turn   | Place    | Note
-------+----------+-------------------------------------------
     0 | D:1      | LustLizard the Demonspawn Fighter began the quest for the
                  | Orb.
     0 | D:1      | Reached XP level 1. HP: 18/18 MP: 1/1
    70 | D:1      | Reached skill level 2 in Long Blades
   215 | D:1      | Gained mutation: A meltable shield of frost defends you.
                  | (SH +4) [demonic ancestry]
   215 | D:1      | Reached XP level 2. HP: 24/24 MP: 2/2
   975 | D:2      | Gained mutation: You are partially covered in slimy green
                  | scales. (AC +2) [demonic ancestry]
   975 | D:2      | Reached XP level 3. HP: 23/29 MP: 3/3
  1315 | D:2      | Noticed Jessica
  1672 | D:2      | Killed Jessica
  1673 | D:2      | Gained mutation: You are mostly covered in slimy green
                  | scales. (AC +3) [demonic ancestry]
  1673 | D:2      | Reached XP level 4. HP: 35/35 MP: 4/4
  1743 | D:2      | Noticed a scorpion
  1755 | D:2      | Killed a scorpion
  1756 | D:2      | Reached skill level 3 in Long Blades
  2072 | D:3      | Gained mutation: You are partially covered in sharp spines.
                  | [demonic ancestry]
  2072 | D:3      | Reached XP level 5. HP: 33/42 MP: 5/5
  2474 | D:3      | Found a runed translucent gate.
  2474 | D:3      | Found a runed translucent gate.
  2474 | D:3      | Found a runed translucent gate.
  2492 | D:3      | Paralysed by a kobold for 3 turns
  2564 | D:3      | Noticed Wentworth's ghost (weakling GnDe)
  2614 | D:3      | Found a faded altar of an unknown god.
  3072 | D:3      | Killed Wentworth's ghost
  3249 | D:4      | Found a blossoming altar of Fedhas.
  3257 | D:4      | Noticed a black bear
  3262 | D:4      | Killed a black bear
  3263 | D:4      | Reached skill level 4 in Long Blades
  3263 | D:4      | Gained mutation: A meltable icy envelope protects you from
                  | harm. (AC +4) [demonic ancestry]
  3263 | D:4      | Reached XP level 6. HP: 46/48 MP: 6/6
  3425 | D:4      | Noticed Pikel
  3439 | D:4      | Killed Pikel
  3440 | D:4      | Reached skill level 5 in Fighting
  3440 | D:4      | Reached skill level 5 in Long Blades
  3440 | D:4      | Reached XP level 7. HP: 33/56 MP: 7/7
  3455 | D:4      | Found a glowing drain.
  3473 | Sewer    | Entered a sewer
  3583 | Sewer    | Noticed Pargi
  3594 | Sewer    | Killed Pargi
  3913 | D:4      | Found a shadowy altar of Dithmenos.
  3913 | D:4      | Found a burning altar of Makhleb.
  4065 | D:4      | Reached skill level 6 in Long Blades
  4072 | D:4      | Gained mutation: You are mostly covered in sharp spines.
                  | [demonic ancestry]
  4072 | D:4      | Reached XP level 8. HP: 56/62 MP: 8/8
  4134 | D:4      | Mangled by an ogre

Illustrated notes

Levels and vault maps discovered:
D:1:      psy_arrival_radial02, layout_loops_ring
D:2:      layout_basic, uniq_jessica
D:3:      layout_loops_ring, gammafunk_ghost_icy, nicolae_ecumenical_oubliette,
          st_stairs_11, kennysheep_generic_room_13
D:4:      layout_rooms, fedhas_ov_isle_minmay,
          gammafunk_temple_overflow_elements, cheibrodos_sewer_entry_drain,
          kennysheep_potato, uniq_pikel

Skill      XL: |  1  2  3  4  5  6  7 |
---------------+----------------------+-----
Long Blades    | 2 3 4 5 6 |  6.0
Shields        | 3 4 |  4.8
Armour         | 3 |  3.5
Fighting       | 4 5 |  5.3

Action                   |  1- 3 |  4- 6 |  7- 9 || total
-------------------------+-------+-------+-------++-------
Melee: Long sword        |   110 |   156 |    54 ||   320
Throw: Dart              |       |     1 |       ||     1
Evoke: Wand              |       |     2 |       ||     2
  Use: Scroll            |     4 |     1 |       ||     5
       Potion            |       |     1 |       ||     1
Armor: Scale mail        |    58 |     6 |       ||    64
       Skin              |     4 |       |       ||     4
       Chain mail        |       |    55 |    29 ||    84
Dodge: Dodged            |    55 |    26 |    14 ||    95
Block: Buckler           |    56 |    68 |    21 ||   145
